 Dungeon Crawl Stone Soup version 0.21.0-3-g78d12a8 (webtiles) character file.

35798 KeeTraxx the Thaumaturge (level 13, -14/102 HPs)
             Began as a Gnoll Skald on Jan 8, 2018.
             Was the Champion of Okawaru.
             Demolished by Snorg (17 damage)
             ... on level 6 of the Lair of Beasts on Jan 9, 2018.
             The game lasted 01:14:13 (18310 turns).

KeeTraxx the Thaumaturge (Gnoll Skald)             Turns: 18310, Time: 01:14:14

Health: -14/102    AC:  9    Str: 18    XL:     13   Next: 86%
Magic:  23/26      EV: 18    Int: 25    God:    Okawaru [******]
Gold:   1165       SH:  0    Dex: 14    Spells: 16/31 levels left

rFire    + + +     SeeInvis +   a - +4 bardiche of Zarulodu {holy, rF+ MR+ Str+4}
rCold    x . .     Gourm    .   (shield currently unavailable)
rNeg     . . .     Faith    .   g - +2 leather armour {MR+}
rPois    +         Spirit   .   o - +0 mask of the Dragon {MR+ Slay+3 SInv}
rElec    .         Reflect  .   s - scarf {repulsion}
rCorr    .         Harm     .   z - +0 pair of gloves
MR       ++++.                  x - +0 pair of boots {Stlth+}
Stlth    +++++.....             L - amulet of regeneration
HPRegen  0.67/turn              y - ring "Medghuc" {+Fly rF++ rC- MR+ Int+4}
MPRegen  0.20/turn              r - ring of poison resistance

@: repel missiles
A: distributed training, fangs 1, strong nose
a: Heroism, Finesse, Renounce Religion, Evoke Flight


You were on level 6 of the Lair of Beasts.
You worshipped Okawaru.
Okawaru was exalted by your worship.
You were not hungry.

You visited 3 branches of the dungeon, and saw 18 of its levels.
You also visited: Volcano.

You collected 1165 gold pieces.

Inventory:

Hand Weapons
 a - the +4 bardiche of Zarulodu (weapon) {holy, rF+ MR+ Str+4}
   (Okawaru gifted it to you on level 3 of the Lair of Beasts)

   It has been blessed by the Shining One to cause great damage to the undead
   and demons.
   It affects your strength (+4).
   It protects you from fire.
   It affects your resistance to hostile enchantments.
 b - a +5 hand crossbow of velocity
 t - a +2 fustibalus of flaming
 V - a +2 whip of electrocution
Missiles
 f - 7 javelins (quivered)
 G - 179 bolts
 M - a throwing net
 Z - 6 javelins of penetration
Armour
 g - a +2 leather armour of magic resistance (worn)
 o - the +0 mask of the Dragon (worn) {MR+ Slay+3 SInv}
   (You found it on level 8 of the Dungeon)

   It affects your accuracy and damage with ranged weapons and melee attacks
   (+3).
   It affects your resistance to hostile enchantments.
   It lets you see invisible.
 s - a scarf of repulsion (worn)
 x - a +0 pair of boots of stealth (worn)
 z - a +0 pair of gloves (worn)
Jewellery
 e - an uncursed ring of stealth
 r - a ring of poison resistance (right hand)
 y - the ring "Medghuc" (left hand) {+Fly rF++ rC- MR+ Int+4}
   (You found it on level 1 of the Lair of Beasts)

   [ring of flight]

   It affects your intelligence (+4).
   It greatly protects you from fire.
   It makes you vulnerable to cold.
   It affects your resistance to hostile enchantments.
   It lets you fly.
 H - a +2 ring of intelligence
 K - an uncursed ring of protection from fire
 L - an amulet of regeneration (around neck)
 Y - an uncursed ring of protection from magic
Wands
 m - a wand of paralysis (9)
 v - a wand of enslavement (6)
 N - a wand of random effects (61)
Scrolls
 l - 2 scrolls of enchant armour
 w - a scroll of enchant weapon
 B - a scroll of fog {unknown}
 F - 2 scrolls of immolation
 U - 3 scrolls of remove curse
 W - 5 scrolls of magic mapping
Potions
 h - 3 potions of cancellation
 i - 3 potions of haste
 j - 2 potions of agility {unknown}
 k - 2 potions of degeneration {unknown}
 p - a potion of magic {unknown}
 q - a potion of might {unknown}
 A - 2 potions of curing
 C - a potion of brilliance {unknown}
 D - 2 potions of berserk rage {unknown}
 E - 2 potions of resistance {unknown}
 I - 4 potions of invisibility
 O - 2 potions of mutation {unknown}
 P - a potion of lignification {unknown}
 S - 3 potions of flight {unknown}
 X - a potion of ambrosia {unknown}
Books
 c - a book of Battle

   Spells                             Type                      Level
   a - Infusion                       Charms                       1
   b - Shroud of Golubria             Charms/Translocation         2
   c - Song of Slaying                Charms                       2
   d - Spectral Weapon                Hexes/Charms                 3
   e - Regeneration                   Charms/Necromancy            3
 n - a book of Clouds

   Spells                             Type                      Level
   a - Poisonous Vapours              Poison/Air                   2
   b - Mephitic Cloud                 Conjuration/Poison/Air       3
   c - Conjure Flame                  Conjuration/Fire             3
   d - Freezing Cloud                 Conjuration/Ice/Air          6
   e - Ring of Flames                 Charms/Fire                  7
 Q - a book of Flames

   Spells                             Type                      Level
   a - Flame Tongue                   Conjuration/Fire             1
   b - Throw Flame                    Conjuration/Fire             2
   c - Conjure Flame                  Conjuration/Fire             3
   d - Inner Flame                    Hexes/Fire                   3
   e - Sticky Flame                   Conjuration/Fire             4
   f - Fireball                       Conjuration/Fire             5
Miscellaneous
 J - a lightning rod (4/4)
Comestibles
 d - 28 rations


   Skills:
 + Level 9.7 Fighting
 + Level 8.5 Short Blades
 + Level 8.5 Long Blades
 + Level 8.5 Axes
 + Level 8.5 Maces & Flails
 + Level 9.7 Polearms
 + Level 8.5 Staves
 + Level 8.5 Slings
 + Level 8.5 Bows
 + Level 8.5 Crossbows
 + Level 8.5 Throwing
 + Level 9.0 Armour
 + Level 9.7 Dodging
 + Level 8.5 Stealth
 + Level 8.5 Shields
 + Level 8.5 Unarmed Combat
 + Level 9.9 Spellcasting
 + Level 7.1 Conjurations
 + Level 7.1 Hexes
 + Level 9.0 Charms
 + Level 7.1 Summonings
 + Level 7.1 Necromancy
 + Level 7.1 Translocations
 + Level 7.1 Transmutations
 + Level 7.1 Fire Magic
 + Level 7.1 Ice Magic
 + Level 7.1 Air Magic
 + Level 7.1 Earth Magic
 + Level 7.1 Poison Magic
 + Level 9.3 Invocations
 + Level 8.5 Evocations


You had 16 spell levels left.
You knew the following spells:

 Your Spells              Type           Power        Failure   Level  Hunger
a - Infusion              Chrm           ####         1%          1    None
b - Regeneration          Chrm/Necr      ######....   1%          3    None
c - Spectral Weapon       Hex/Chrm       ######..     1%          3    None
d - Animate Skeleton      Necr           N/A          1%          1    None
e - Apportation           Tloc           #####.       1%          1    None
f - Mephitic Cloud        Conj/Pois/Air  #####...     1%          3    None
g - Conjure Flame         Conj/Fire      #####...     1%          3    None


Dungeon Overview and Level Annotations

Branches:
Dungeon (11/15)            Temple (1/1) D:6            Lair (6/6) D:10
 Shoals (0/4) Lair:4        Snake (0/4) Lair:3        Slime (0/5) Lair:5
    Orc (0/2) D:10

Altars:
Ashenzari
Cheibriados
Dithmenos
Elyvilon
Fedhas
Gozag
Hepliaklqana
Kikubaaqudgha
Makhleb
Nemelex Xobeh
Okawaru
Qazlal
Ru
Sif Muna
Trog
Uskayaw
Vehumet
Wu Jian
Xom
Yredelemnul
Zin
The Shining One

Shops:
D:5 %   D:11 =

Annotations:
Lair:6 Snorg


Innate Abilities, Weirdness & Mutations

Your experience applies equally to all skills.
You have very sharp teeth.
Your uncanny sense of smell can sniff out nearby items.


Message History

You slice Snorg!! Your bite misses Snorg.
Snorg is almost dead.
Snorg bites you!! Snorg claws you!!
* * * LOW HITPOINT WARNING * * *
Snorg claws you.
* * * LOW HITPOINT WARNING * * *
The spiny frog closely misses you.
Your spiny frog skeleton barely misses Snorg.
Snorg completely misses you. Snorg barely misses you. Snorg claws you!
* * * LOW HITPOINT WARNING * * *
The blink frog blinks!
The spiny frog stings you but does no damage.
Your spiny frog skeleton barely misses Snorg.
Unknown command.
As you read the scroll of fear, it crumbles to dust.
You assume a fearsome visage.
Your spiny frog skeleton is unaffected.
The blink frog looks frightened!
The spiny frog looks frightened!
Snorg barely misses you. Snorg claws you!
You die...

,,,,,,,,,,,,,,,.......<..........
,,,,,,,,,....#*,#................
,*,*,,,,,.=..F####..PP...#..#.#*.
,,,,,,,,,..ยง.)....P.P...##.#.####
,,,,,,,,,............P...........
,,,,*,,,,(.....................#.
,*,***,,,(....$..............#..#
,,,,,,,,,..(...F.............##..
,,,,,,,,,.....Z.@................
,*,,,,*,,....#.T...##.###...P#...
******,*,#***#..####### ##..##.#.
***** #.#.* ######## ####*


You could see Snorg (berserk), a spiny frog (fleeing), a blink frog (fleeing)
and a friendly spiny frog skeleton.

Vanquished Creatures
  4 hydras
  2 two-headed ogres (D:9)
  2 catoblepae
  A dancing weapon (Volcano)
  5 wizards (Volcano)
  Pikel (D:3)
  An ugly thing (D:11)
  An oklob plant (Lair:3)
  5 elephants
  4 toenail golems (Volcano)
  14 spiny frogs
  5 komodo dragons
  2 trolls (D:9)
  9 blink frogs
  4 hippogriffs
  13 yaks
  A wyvern (D:9)
  A human (D:9)
  2 hungry ghosts
  Menkaure (D:4)
  5 vampire mosquitoes (Lair:6)
  The ghost of Plasmagod the Shield-Bearer, an amateur GrFi (D:3)
  7 water moccasins
  5 orc warriors
  4 porcupines
  2 sky beasts
  A phantom (D:4)
  4 ice beasts
  2 slaves (D:3)
  A black bear (D:11)
  An eye of draining (D:9)
  A necrophage (D:9)
  4 ogres
  13 wolves
  12 centaurs
  6 crocodiles
  3 big kobolds
  16 bullfrogs
  6 scorpions
  15 killer bees
  15 wights
  A howler monkey (D:10)
  5 electric eels
  3 bullfrog zombies
  5 crimson imps
  A quasit (D:8)
  A lava snake (Lair:4)
  4 hounds
  12 jellies
  11 orc priests
  A centaur skeleton (D:4)
  A gnoll shaman (D:5)
  16 orc wizards
  9 worker ants
  Ijyb (D:2)
  Natasha (thrice) (D:2 D:3)
  6 iguanas
  A worker ant zombie (D:5)
  Robin (D:2)
  12 adders
  3 gnolls (D:5)
  A howler monkey skeleton (D:8)
  4 shadow imps
  15 oozes
  An adder skeleton (D:4)
  3 worms
  3 dart slugs
  A leopard gecko (D:10)
  46 orcs
  2 giant cockroaches
  9 hobgoblins
  9 jackals
  23 kobolds
  4 quokkas
  2 ball pythons
  8 bats
  5 frilled lizards
  12 goblins
  A jackal zombie (D:9)
  2 leopard gecko skeletons
  A quokka zombie (D:7)
  11 rats
462 creatures vanquished.

Vanquished Creatures (collateral kills)
  A toenail golem (Volcano)
  A black mamba (Lair:4)
  2 spiny frogs
  A komodo dragon (Lair:4)
  A tyrant leech (Lair:6)
  4 blink frogs
  A wyvern (Lair:4)
  A water moccasin (Lair:4)
  A wolf (Lair:6)
  2 crocodiles
  2 bullfrogs (Lair:6)
  A wyvern skeleton (D:10)
  A wight (D:10)
  A worker ant (D:9)
  An orc (D:9)
  6 plants
27 creatures vanquished.

Vanquished Creatures (others)
  A slave (D:3)
  A worker ant (D:4)
  A worm (D:4)
  15 fungi
  30 plants
  7 spectral weapons
55 creatures vanquished.

Grand Total: 544 creatures vanquished

Notes
Turn   | Place    | Note
-------+----------+-------------------------------------------
     0 | D:1      | KeeTraxx the Gnoll Skald began the quest for the Orb.
     0 | D:1      | Reached XP level 1. HP: 20/20 MP: 6/6
    93 | D:1      | Reached XP level 2. HP: 24/26 MP: 2/7
  1025 | D:2      | Reached XP level 3. HP: 30/31 MP: 9/9
  1030 | D:2      | Learned a level 3 spell: Regeneration
  1034 | D:2      | Learned a level 3 spell: Spectral Weapon
  1271 | D:2      | Reached skill level 5 in Spellcasting
  1300 | D:2      | Noticed Robin
  1330 | D:2      | Reached skill level 1 in Invocations
  1361 | D:2      | Killed Robin
  1361 | D:2      | Reached skill level 1 in Short Blades
  1361 | D:2      | Reached skill level 1 in Long Blades
  1361 | D:2      | Reached skill level 1 in Axes
  1361 | D:2      | Reached skill level 1 in Maces & Flails
  1361 | D:2      | Reached skill level 1 in Staves
  1361 | D:2      | Reached skill level 1 in Slings
  1361 | D:2      | Reached skill level 1 in Bows
  1361 | D:2      | Reached skill level 1 in Crossbows
  1361 | D:2      | Reached skill level 1 in Throwing
  1361 | D:2      | Reached skill level 1 in Stealth
  1361 | D:2      | Reached skill level 1 in Shields
  1361 | D:2      | Reached skill level 1 in Unarmed Combat
  1361 | D:2      | Reached skill level 1 in Evocations
  1361 | D:2      | Reached XP level 4. HP: 31/38 MP: 7/11
  1750 | D:2      | Reached skill level 1 in Conjurations
  1750 | D:2      | Reached skill level 1 in Hexes
  1750 | D:2      | Reached skill level 1 in Summonings
  1750 | D:2      | Reached skill level 1 in Necromancy
  1750 | D:2      | Reached skill level 1 in Translocations
  1750 | D:2      | Reached skill level 1 in Transmutations
  1750 | D:2      | Reached skill level 1 in Fire Magic
  1750 | D:2      | Reached skill level 1 in Ice Magic
  1750 | D:2      | Reached skill level 1 in Air Magic
  1750 | D:2      | Reached skill level 1 in Earth Magic
  1750 | D:2      | Reached skill level 1 in Poison Magic
  1995 | D:2      | Noticed Natasha
  2007 | D:2      | Killed Natasha
  2007 | D:2      | Reached XP level 5. HP: 36/43 MP: 10/12
  2295 | D:2      | Noticed Natasha
  2304 | D:2      | Killed Natasha
  3507 | D:3      | Found a blossoming altar of Fedhas.
  3507 | D:3      | Noticed Ijyb
  3566 | D:2      | Killed Ijyb
  3610 | D:3      | Reached XP level 6. HP: 49/50 MP: 6/13
  3770 | D:3      | Noticed Natasha
  3778 | D:3      | Noticed Plasmagod's ghost (amateur GrFi)
  3785 | D:3      | Killed Natasha
  4416 | D:3      | HP: 1/50 [Plasmagod's ghost (4)]
  4992 | D:3      | Found a bloodstained altar of Trog.
  5051 | D:3      | Killed Plasmagod's ghost
  5051 | D:3      | Reached skill level 5 in Fighting
  5051 | D:3      | Reached skill level 5 in Polearms
  5051 | D:3      | Reached skill level 5 in Dodging
  5092 | D:4      | Found a shimmering altar of Xom.
  5092 | D:4      | Noticed a phantom
  5126 | D:4      | Killed a phantom
  5126 | D:4      | Reached XP level 7. HP: 26/56 MP: 4/15
  5438 | D:4      | Noticed Menkaure
  5649 | D:4      | Killed Menkaure
  5662 | D:4      | Noticed Pikel
  6066 | D:3      | Killed Pikel
  6066 | D:3      | Reached XP level 8. HP: 44/63 MP: 11/16
  6488 | D:5      | Entered Level 5 of the Dungeon
  6697 | D:5      | Found Ziuleb's Food Shop.
  7066 | D:6      | Learned a level 1 spell: Animate Skeleton
  7068 | D:6      | Learned a level 1 spell: Apportation
  7102 | D:6      | Reached XP level 9. HP: 68/69 MP: 15/18
  7603 | D:6      | Found a white marble altar of Elyvilon.
  7612 | D:6      | Found a staircase to the Ecumenical Temple.
  7632 | D:6      | You fall through a shaft for 2 floors!
  7793 | D:8      | Reached skill level 5 in Armour
  8242 | Temple   | Entered the Ecumenical Temple
  8453 | Temple   | Became a worshipper of Warmaster Okawaru
  8782 | D:7      | Reached skill level 5 in Invocations
  8810 | D:7      | Got a transparent ring mail
  8811 | D:7      | Identified the +1 ring mail of the Orb {Dex+4} (You found it on level 7 of the Dungeon)
  8907 | D:7      | Found a shattered altar of Ashenzari.
  8907 | D:7      | Found a white marble altar of Elyvilon.
  9238 | D:8      | Reached XP level 10. HP: 77/77 MP: 14/20
  9346 | D:8      | Identified Umoad's Papyrus of Floating Conjuration (You found it on level 8 of the Dungeon)
  9352 | D:8      | Learned a level 3 spell: Mephitic Cloud
  9533 | D:8      | Found the +0 mask of the Dragon {MR+ Slay+3 SInv}
  9990 | D:9      | Found a glowing golden altar of the Shining One.
 10011 | D:9      | Reached * piety under Okawaru
 10011 | D:9      | Reached skill level 5 in Short Blades
 10011 | D:9      | Reached skill level 5 in Long Blades
 10011 | D:9      | Reached skill level 5 in Axes
 10011 | D:9      | Reached skill level 5 in Maces & Flails
 10011 | D:9      | Reached skill level 5 in Staves
 10011 | D:9      | Reached skill level 5 in Slings
 10011 | D:9      | Reached skill level 5 in Bows
 10011 | D:9      | Reached skill level 5 in Crossbows
 10011 | D:9      | Reached skill level 5 in Throwing
 10011 | D:9      | Reached skill level 5 in Stealth
 10011 | D:9      | Reached skill level 5 in Shields
 10011 | D:9      | Reached skill level 5 in Unarmed Combat
 10011 | D:9      | Reached skill level 5 in Evocations
 10146 | D:9      | Noticed a two-headed ogre
 10175 | D:9      | Killed a two-headed ogre
 10248 | D:9      | Reached ** piety under Okawaru
 10581 | D:9      | Reached *** piety under Okawaru
 10590 | D:9      | Learned a level 3 spell: Conjure Flame
 10642 | D:9      | Noticed a two-headed ogre
 10650 | D:9      | Killed a two-headed ogre
 10650 | D:9      | Reached XP level 11. HP: 84/84 MP: 18/22
 10770 | D:9      | Found a blossoming altar of Fedhas.
 10914 | D:10     | Entered Level 10 of the Dungeon
 10986 | D:10     | Reached **** piety under Okawaru
 11212 | D:10     | Got a twisted shortbow
 11213 | D:10     | Identified the +4 shortbow of Fighting Over It {freeze, rElec rF- Int+3 Stlth+} (You found it on level 10 of the Dungeon)
 11242 | D:10     | Reached skill level 5 in Conjurations
 11242 | D:10     | Reached skill level 5 in Hexes
 11242 | D:10     | Reached skill level 5 in Summonings
 11242 | D:10     | Reached skill level 5 in Necromancy
 11242 | D:10     | Reached skill level 5 in Translocations
 11242 | D:10     | Reached skill level 5 in Transmutations
 11242 | D:10     | Reached skill level 5 in Fire Magic
 11242 | D:10     | Reached skill level 5 in Ice Magic
 11242 | D:10     | Reached skill level 5 in Air Magic
 11242 | D:10     | Reached skill level 5 in Earth Magic
 11242 | D:10     | Reached skill level 5 in Poison Magic
 11382 | D:10     | Found a staircase to the Orcish Mines.
 11415 | D:10     | Received a gift from Okawaru
 11480 | D:10     | Found a staircase to the Lair.
 11578 | Lair:1   | Entered Level 1 of the Lair of Beasts
 11658 | D:11     | Found Lehobeju's Jewellery Boutique.
 11734 | D:11     | Noticed a seven-headed hydra
 12037 | D:11     | Noticed a deep elf mage
 12060 | D:11     | Noticed a soul eater
 12194 | D:11     | Killed a seven-headed hydra
 12194 | D:11     | Reached ***** piety under Okawaru
 12303 | D:11     | Noticed a red ugly thing
 12314 | D:11     | Killed a red ugly thing
 12819 | Lair:1   | Got a glittering marble ring
 13258 | Lair:1   | Reached XP level 12. HP: 93/93 MP: 24/24
 13332 | Lair:1   | Identified the ring "Medghuc" {+Fly rF++ rC- MR+ Int+4} (You found it on level 1 of the Lair of Beasts)
 13416 | Lair:1   | Received a gift from Okawaru
 14416 | Lair:2   | Noticed a catoblepas
 14424 | Lair:2   | Killed a catoblepas
 14424 | Lair:2   | Received a gift from Okawaru
 15100 | Lair:2   | Received a gift from Okawaru
 15349 | Lair:3   | Found a staircase to the Snake Pit.
 15566 | Lair:3   | Noticed a catoblepas
 15596 | Lair:3   | Killed a catoblepas
 15717 | Lair:3   | Received a gift from Okawaru
 16094 | Lair:3   | Received a gift from Okawaru
 16099 | Lair:3   | Got a shimmering bardiche {god gift}
 16100 | Lair:3   | Identified the +4 bardiche of Zarulodu {holy, rF+ MR+ Str+4} (Okawaru gifted it to you on level 3 of the Lair of Beasts)
 16476 | Lair:4   | Found a staircase to the Shoals.
 16621 | Lair:4   | Reached XP level 13. HP: 101/101 MP: 24/26
 17192 | Lair:5   | Found a staircase to the Slime Pits.
 17203 | Lair:5   | Reached ****** piety under Okawaru
 17300 | Lair:5   | You fall through a shaft!
 17300 | Lair:6   | Entered Level 6 of the Lair of Beasts
 17347 | Lair:6   | Found a dark tunnel.
 17351 | Volcano  | Entered a volcano
 17441 | Volcano  | Received a gift from Okawaru
 18272 | Lair:6   | Received a gift from Okawaru
 18300 | Lair:6   | Noticed Snorg
 18309 | Lair:6   | HP: 2/102 [Snorg (13)]
 18310 | Lair:6   | Demolished by Snorg

Skill      XL: |  1  2  3  4  5  6  7  8  9 10 11 12 13 |
---------------+----------------------------------------+-----
Spellcasting   | 5 6 7 8 9 |  9.9
Invocations    | 1 2 3 4 5 6 7 8 9 |  9.3
Short Blades   | 1 2 3 4 5 6 7 8 |  8.5
Long Blades    | 1 2 3 4 5 6 7 8 |  8.5
Axes           | 1 2 3 4 5 6 7 8 |  8.5
Maces & Flails | 1 2 3 4 5 6 7 8 |  8.5
Staves         | 1 2 3 4 5 6 7 8 |  8.5
Slings         | 1 2 3 4 5 6 7 8 |  8.5
Bows           | 1 2 3 4 5 6 7 8 |  8.5
Crossbows      | 1 2 3 4 5 6 7 8 |  8.5
Throwing       | 1 2 3 4 5 6 7 8 |  8.5
Stealth        | 1 2 3 4 5 6 7 8 |  8.5
Shields        | 1 2 3 4 5 6 7 8 |  8.5
Unarmed Combat | 1 2 3 4 5 6 7 8 |  8.5
Evocations     | 1 2 3 4 5 6 7 8 |  8.5
Conjurations   | 1 2 3 4 5 6 7 |  7.1
Hexes          | 1 2 3 4 5 6 7 |  7.1
Summonings     | 1 2 3 4 5 6 7 |  7.1
Necromancy     | 1 2 3 4 5 6 7 |  7.1
Translocations | 1 2 3 4 5 6 7 |  7.1
Transmutations | 1 2 3 4 5 6 7 |  7.1
Fire Magic     | 1 2 3 4 5 6 7 |  7.1
Ice Magic      | 1 2 3 4 5 6 7 |  7.1
Air Magic      | 1 2 3 4 5 6 7 |  7.1
Earth Magic    | 1 2 3 4 5 6 7 |  7.1
Poison Magic   | 1 2 3 4 5 6 7 |  7.1
Armour         | 3 4 5 6 7 8 9 |  9.0
Fighting       | 5 6 7 8 9 |  9.7
Polearms       | 5 6 7 8 9 |  9.7
Dodging        | 5 6 7 8 9 |  9.7
Charms         | 6 7 8 9 |  9.0

Action                   |  1- 3 |  4- 6 |  7- 9 | 10-12 | 13-15 || total
-------------------------+-------+-------+-------+-------+-------++-------
Melee: Spear             |    82 |   206 |    59 |       |       ||   347
       Bite              |     7 |    12 |    28 |    31 |    28 ||   106
       Punch             |       |     2 |       |     6 |    15 ||    23
       Long sword        |       |    10 |       |       |       ||    10
       Whip              |       |       |   216 |   296 |   201 ||   713
       Bardiche          |       |       |       |    17 |    32 ||    49
 Fire: Hunting sling     |       |    15 |     7 |       |       ||    22
       Hand crossbow     |       |       |       |   305 |    12 ||   317
Throw: Javelin           |       |     1 |     1 |    10 |     1 ||    13
 Cast: Infusion          |     4 |     6 |    19 |     3 |     5 ||    37
       Spectral Weapon   |     4 |    25 |    43 |    41 |    21 ||   134
       Regeneration      |       |     4 |    14 |    20 |    24 ||    62
       Animate Skeleton  |       |       |    10 |    34 |    21 ||    65
       Apportation       |       |       |     2 |    12 |     3 ||    17
       Mephitic Cloud    |       |       |       |    10 |       ||    10
       Conjure Flame     |       |       |       |     7 |       ||     7
Invok: Heroism           |       |       |       |     3 |     5 ||     8
       Finesse           |       |       |       |       |     1 ||     1
Evoke: Wand              |       |       |     1 |       |       ||     1
  Use: Scroll            |       |       |     6 |    12 |     7 ||    25
       Potion            |       |       |       |       |     3 ||     3
 Stab: Sleeping          |     4 |     5 |     8 |     7 |     5 ||    29
       Distracted        |       |     1 |     1 |     5 |     4 ||    11
       Confused          |       |       |       |     1 |       ||     1
  Eat: Chunk             |     2 |     9 |    13 |    31 |     7 ||    62
       Ration            |       |     1 |     1 |     1 |       ||     3
Armor: Robe              |     6 |    19 |       |       |       ||    25
       Leather armour    |       |    16 |    46 |    63 |    26 ||   151
Dodge: Dodged            |    27 |   112 |   214 |   249 |   149 ||   751
       Deflected         |       |     2 |     2 |    25 |       ||    29
       Rpst.: Long sword |       |     2 |       |       |       ||     2
